 Dungeon Crawl Stone Soup version 0.30-a0-1053-gbd8d5ba0ad (webtiles) character file.

Game seed: 2260315020732499872

19779 quinnr the Destroyer (level 12, -10/64 HPs)
             Began as a Deep Elf Air Elementalist on Apr 12, 2023.
             Was a Believer of Vehumet.
             Mangled by a death scarab (28 damage)
             ... in a Gauntlet.
             The game lasted 00:42:02 (15197 turns).

quinnr the Destroyer (Deep Elf Air Elementalist)   Turns: 15197, Time: 00:42:03

Health: -10/64     AC: 10    Str:  5    XL:     12   Next: 39%
Magic:  25/30      EV: 16    Int: 26    God:    Vehumet [**....]
Gold:   318        SH:  5    Dex: 15    Spells: 4/21 levels left

rFire   + . .      SeeInvis .    E - +2 dagger (venom)
rCold   + + .      Faith    .    d - +0 buckler
rNeg    . . .      Spirit   .    B - +2 robe {rC+ rF+}
rPois   .          Reflect  .    e - +2 helmet
rElec   .          Rampage  .    o - scarf {+Inv}
rCorr   .          NoTele   +    O - +0 pair of gloves
Will    +....                    j - +1 pair of boots
Stlth   ++++                     i - amulet of the acrobat
HPRegen 0.30/turn                C - ring of protection from cold
MPRegen 0.22/turn                M - ring of magical power

@: slowed, very slow
A: no striking features
a: Renounce Religion, Evoke Invisibility


You were in a Gauntlet.
You worshipped Vehumet.
Vehumet was pleased with you.
You visited 1 branch of the dungeon, and saw 11 of its levels.
You also visited: Sewer and Gauntlet.

You collected 635 gold pieces.
You spent 317 gold pieces at shops.


   Skills:
 - Level 3.0 Fighting
 - Level 9.0 Dodging
 - Level 9.5 Stealth
 - Level 4.0 Shields
 - Level 5.0 Spellcasting
 - Level 13.4 Conjurations
 + Level 10.4 Hexes
 + Level 4.9 Fire Magic
 - Level 3.0 Ice Magic
 - Level 5.0 Air Magic
 - Level 4.0 Evocations


You had 4 spell levels left.
You knew the following spells:

 Your Spells              Type           Power      Damage    Failure   Level
d - Tukima's Dance        Hex            57%        N/A       1%          3
e - Ensorcelled Hibernat  Hex/Ice        82%        N/A       1%          2
f - Fulminant Prism       Conj/Hex       31%        3d15      1%          4
l - Fireball              Conj/Fire      26%        3d12      6%          5
t - Static Discharge      Conj/Air       100%       2-7/arc   1%          2
z - Shock                 Conj/Air       100%       1d9       1%          1

Your spell library contained the following spells:

 Spells                   Type           Power      Damage    Failure   Level
 Magic Dart               Conj           100%       1d8       1%          1
 Foxfire                  Conj/Fire      100%       2x1d9     1%          1
 Swiftness                Air            32%        N/A       3%          3
 Iskenderun's Mystic Bla  Conj/Tloc      41%        2d9       6%          4
 Apportation              Tloc           12%        N/A       10%         1
 Beastly Appendage        Tmut           12%        N/A       10%         1
 Necrotise                Necr           24%        1d5       10%         1
 Summon Small Mammal      Summ           24%        N/A       10%         1
 Vhi's Electric Charge    Tloc/Air       38%        N/A       11%         3
 Volatile Blastmotes      Fire/Tloc      38%        2d13      11%         3
 Airstrike                Air            16%        2d(3-19)  12%         4
 Passwall                 Tmut/Erth      5%         N/A       14%         2
 Sublimation of Blood     Necr           6%         N/A       14%         2
 Wereblood                Tmut           6%         N/A       14%         2
 Spider Form              Tmut/Pois      6%         N/A       28%         3
 Passage of Golubria      Tloc           6%         N/A       67%         4
 Arcjolt                  Conj/Air       26%        1d36      6%          5
 Yara's Violent Unravell  Hex/Tmut       16%        3d8       32%         5
 Starburst                Conj/Fire      26%        6d8       34%         6
 Plasma Beam              Fire/Air       16%        2x1d30    89%         6
 Lee's Rapid Deconstruct  Erth           3%         3d5*      95%         5
 Summon Hydra             Summ           3%         N/A       100%        7
 Maxwell's Capacitive Co  Air            16%        ∞         100%        8

Inventory:

Hand Weapons
 E - a +2 dagger of venom (weapon)
Armour
 d - a +0 buckler (worn)
 e - a +2 helmet (worn)
 j - a +1 pair of boots (worn)
 o - a scarf of invisibility (worn)
 B - a +2 robe of resistance (worn)
 O - a +0 pair of gloves (worn)
 S - the +1 leather armour of Beogh's Benevolence {rF+ Int-3 Slay+3}
   (You found it on level 10 of the Dungeon)

   Int:       It affects your intelligence (-3).
   Slay:      It affects your accuracy & damage with ranged weapons and melee
   (+3).
   rF:        It protects you from fire.
Jewellery
 i - an amulet of the acrobat (around neck)
 C - a ring of protection from cold (left hand)
 M - a ring of magical power (right hand)
Wands
 a - a wand of digging (9)
 h - a wand of charming (9)
 z - a wand of acid (8)
 G - a wand of polymorph (9)
 Q - a wand of mindburst (11)
 R - a wand of iceblast (5)
Scrolls
 c - 2 scrolls of fear (quivered)
 f - 2 scrolls of enchant weapon {unknown}
 m - a scroll of poison
 p - 2 scrolls of magic mapping
 v - 3 scrolls of fog
 y - a scroll of vulnerability {unknown}
 A - 6 scrolls of teleportation {@r2}
 D - 2 scrolls of blinking
 K - a scroll of immolation {unknown}
 N - a scroll of torment {unknown}
Potions
 b - a potion of magic
 g - 2 potions of cancellation
 k - 5 potions of might
 n - 3 potions of brilliance
 q - 2 potions of heal wounds {@q2}
 r - 8 potions of curing {@q1}
 t - a potion of ambrosia
 u - 9 potions of flight
 F - a potion of haste {@q3}
 P - a potion of lignification

Dungeon Overview and Level Annotations

Branches:
Dungeon (11/15)            Temple (0/1) D:4            Lair (0/5) D:11
    Orc (0/2) D:10          Sewer (visited)         Gauntlet (1/1)

Altars:
Cheibriados
Dithmenos
Elyvilon
Kikubaaqudgha
Okawaru
Ru
Uskayaw
Vehumet
Wu Jian
Xom

Shops:
D:2 =   D:5 =   D:7 *   D:9 *((=*[

Annotations:
Gauntlet 13 transporters, 1 runed translucent door

.▒.##▒##.▒..P≈≈≈≈≈.P.▒...▒.▒.▒..P
.▒.......▒...▒≈▒≈▒P..▒▒▒.▒.▒.▒.♣.
.▒..W....▒...........▒©..▒...▒...
.▒▒▒▒▒▒▒▒▒▒▒▒▒▒▒▒▒▒▒▒▒▒▒▒▒▒▒▒▒..≈
....▒©.........©.........©▒....≈≈
▒...▒▒▒▒▒▒▒▒▒▒▒▒▒▒▒▒▒▒▒▒▒▒▒...▒▒▒
▒≈.........▒Z?.©)..▒.........≈▒
▒≈≈..♣.PP♣.▒..#....▒.♣P.P♣..≈≈▒
▒▒▒▒....PP.▒.###@..▒...PP..▒▒▒▒
▒≈..♣.P.▒..#B#..▒..P♣..≈▒
▒≈≈.....▒..Z###.▒.....≈≈▒
▒▒▒▒..♣.▒....#..▒.♣..▒▒▒▒
▒≈...▒.......▒...≈▒
▒≈≈..▒▒▒▒▒▒▒▒▒..≈≈▒
▒▒▒▒.....©.....▒▒▒▒ ▒≈..∩...∩..≈▒
▒≈≈...♣...≈≈▒


You could see a spectral black mamba and a death scarab.


Message History

The death scarab barely misses you.
Your fulminant prism crackles loudly.
Casting: Fulminant Prism (dangerous; 1% risk of failure)
Confirm with . or Enter, or press ? or * to list all spells.
You can't see any susceptible monsters within range! (Use Z to cast anyway.)
You barely miss the death scarab. The death scarab bites you!!
The death scarab draws strength from your injuries!
The death scarab bites you. The death scarab drains your vigour!
You feel as though you will be slow longer.
The death scarab draws strength from your injuries!
Your fulminant prism explodes!
The blast of energy engulfs the spectral black mamba!!
The spectral black mamba is heavily damaged.
The blast of energy engulfs the death scarab!
The death scarab is moderately damaged.
The death scarab bites you!!
* * * LOW HITPOINT WARNING * * *
The death scarab draws strength from your injuries!
Unknown command.
Unknown command.
Casting: Fulminant Prism (dangerous; 1% risk of failure)
Confirm with . or Enter, or press ? or * to list all spells.
The death scarab is struck by an arc of lightning.
The death scarab is moderately damaged.
You are struck by an arc of lightning.
* * * LOW HITPOINT WARNING * * *
The death scarab is struck by an arc of lightning.
The death scarab is heavily damaged.
The lightning grounds out.
The death scarab bites you!!
You die...

Skill      XL: |  1  2  3  4  5  6  7  8  9 10 11 12 |
---------------+-------------------------------------+-----
Air Magic      | 4 5 |  5.0
Shields        | 1 3 4 |  4.0
Hexes          | 1 2 4 5 6 9 10 | 10.4
Conjurations   | 2 3 5 7 13 | 13.4
Ice Magic      | 3 |  3.0
Stealth        | 4 5 9 |  9.5
Evocations     | 2 4 |  4.0
Fighting       | 3 |  3.0
Dodging        | 5 9 |  9.0
Spellcasting   | 4 5 |  5.0
Fire Magic     | 4 |  4.9

Action                     |  1- 3 |  4- 6 |  7- 9 | 10-12 || total
---------------------------+-------+-------+-------+-------++-------
  Melee: Unarmed           |     7 |    10 |     4 |       ||    21
         Dagger            |       |       |     2 |    17 ||    19
   Cast: Shock             |   100 |   125 |   146 |   141 ||   512
         Static Discharge  |       |    18 |    62 |    45 ||   125
         Tukima's Dance    |       |       |    25 |    14 ||    39
         Fulminant Prism   |       |       |    15 |     5 ||    20
         Ensorcelled Hiber |       |       |    10 |    12 ||    22
         Fireball          |       |       |       |     3 ||     3
    Use: Potion            |     2 |       |       |     2 ||     4
         Scroll            |       |     9 |     2 |     7 ||    18
   Stab: Sleeping          |       |       |     3 |     4 ||     7
 Armour: Robe              |     3 |    14 |     9 |    15 ||    41
         Skin              |       |       |     3 |       ||     3
  Dodge: Dodged            |     6 |    36 |    41 |    58 ||   141
  Block: Buckler           |     2 |    15 |    15 |    15 ||    47

Levels and vault maps discovered:
D:1:      dreamdust_arrival_beginning_and_end, layout_rooms
D:2:      layout_basic, nicolae_shop_unique_rings, minmay_hexomino_p4
D:3:      layout_basic, nicolae_overflow_two_pavilions,
          gammafunk_temple_overflow_wave, mainiacjoe_overflow_small_starburst
D:4:      layout_cave_pods, mainiacjoe_overflow_cross_hatched,
          minmay_temple_entry_fiery, portal_sewer_entry_b, nrook_mini_backslash
D:5:      layout_loops_cross, serial_shops, shop
D:6:      layout_gridville, cheibrodos_worm_habitat, kennysheep_mini_moat,
          uniq_duvessa
D:7:      layout_basic, serial_shops, shop, grunt_livestock,
          minmay_strange_pillars, uniq_maggie
D:8:      cheibrodos_quashed, layout_layer_cave, kennysheep_mini,
          nicolae_uskayaw_en_pointe, amcnicky_mini_corridor_feature,
          serial_bayou_crossing
D:9:      layout_gridville, serial_shops, nicolae_shop_stone, shop, shop,
          nicolae_square_shop, nicolae_square_shop, minmay_shop_mass,
          uniq_psyche
D:10:     layout_loops_ring, orc_0_dummy, minmay_misc_feat_hallway
D:11:     layout_irregular_city, due_lair_maze_entry_diamond, serial_rivers,
          chequers_serial_rivers_large_a, chequers_serial_rivers_micro_b,
          chequers_serial_rivers_small_b, chequers_serial_rivers_small_3,
          gauntlet_entry_generic, nicolae_dithmenos_shadow_blocks, uniq_erica,
          uniq_amaemon
Gauntlet: minmay_gauntlet_77_tree [minmay_gauntlet_arena_77_double_cross,
          minmay_gauntlet_arena_77_path,
          minmay_gauntlet_arena_77_chump_sandwich,
          minmay_gauntlet_arena_77_museum,
          minmay_gauntlet_arena_77_radiant_squares,
          minmay_gauntlet_arena_77_hold_the_fort,
          minmay_gauntlet_arena_77_terracotta_army,
          dreamdust_gauntlet_exit_labyrinth]

Notes
Turn   | Place    | Note
-------+----------+-------------------------------------------
     0 | D:1      | quinnr the Deep Elf Air Elementalist began the quest for
                  | the Orb.
     0 | D:1      | Reached XP level 1. HP: 10/10 MP: 6/6
   276 | D:1      | Reached XP level 2. HP: 15/15 MP: 6/8
   541 | D:1      | Reached skill level 4 in Air Magic
  1241 | D:2      | Reached XP level 3. HP: 19/19 MP: 5/9
  1387 | D:2      | Learned a level 3 spell: Tukima's Dance
  1412 | D:2      | Found Hytunt's One-of-a-Kind Rings.
  1793 | D:3      | Reached skill level 1 in Shields
  1993 | D:3      | Reached skill level 1 in Hexes
  2087 | D:3      | Reached skill level 2 in Conjurations
  2148 | D:3      | Found a shadowy altar of Dithmenos.
  2148 | D:3      | Found a sacrificial altar of Ru.
  2198 | D:3      | Reached XP level 4. HP: 24/24 MP: 7/10
  2436 | D:3      | Found an ornate altar of the Wu Jian Council.
  2651 | D:3      | Found an iron altar of Okawaru.
  2651 | D:3      | Found an ancient bone altar of Kikubaaqudgha.
  2756 | D:4      | Reached skill level 2 in Hexes
  2759 | D:4      | Learned a level 2 spell: Static Discharge
  2800 | D:4      | Reached XP level 5. HP: 28/28 MP: 0/11
  2805 | D:4      | Found a glowing drain.
  2888 | Sewer    | Entered a sewer
  2903 | Sewer    | Learned a level 4 spell: Fulminant Prism
  3133 | Sewer    | Reached skill level 3 in Conjurations
  3268 | Sewer    | Reached skill level 3 in Hexes
  4045 | D:4      | Found a radiant altar of Vehumet.
  4190 | D:4      | Noticed a phantom
  4246 | D:4      | Became a worshipper of Vehumet
  4281 | D:5      | Entered Level 5 of the Dungeon
  4314 | D:5      | Reached skill level 4 in Hexes
  4314 | D:5      | Reached XP level 6. HP: 32/32 MP: 7/12
  4513 | D:5      | Reached skill level 4 in Conjurations
  4852 | D:5      | Reached skill level 5 in Conjurations
  4852 | D:5      | Reached skill level 5 in Hexes
  4930 | D:5      | Identified a +0 robe of resistance
  4955 | D:5      | Reached XP level 7. HP: 36/36 MP: 13/13
  5023 | D:5      | Found Zysenir's Jewellery Shoppe.
  5402 | D:5      | Reached skill level 6 in Conjurations
  5646 | D:6      | Noticed Duvessa
  5646 | D:6      | Noticed Dowan
  5695 | D:6      | Found a snail-covered altar of Cheibriados.
  5811 | D:6      | Learned a level 2 spell: Ensorcelled Hibernation
  6179 | D:6      | Reached skill level 1 in Ice Magic
  6362 | D:7      | Reached skill level 7 in Conjurations
  6394 | D:7      | Noticed a hornet
  6418 | D:7      | Reached skill level 6 in Hexes
  6418 | D:7      | Reached skill level 2 in Ice Magic
  6596 | D:7      | Noticed a hog
  6596 | D:7      | Noticed a hog
  6596 | D:7      | Noticed a human
  6596 | D:7      | Noticed a hog
  6596 | D:7      | Noticed a hog
  6608 | D:7      | Killed a hog
  6609 | D:7      | Reached skill level 3 in Ice Magic
  6609 | D:7      | Reached XP level 8. HP: 31/41 MP: 9/14
  6610 | D:7      | Reached skill level 7 in Hexes
  6617 | D:7      | Reached skill level 8 in Hexes
  6718 | D:7      | Reached skill level 9 in Hexes
  6718 | D:7      | Reached skill level 2 in Shields
  6787 | D:7      | Reached skill level 3 in Stealth
  6787 | D:7      | Reached skill level 1 in Evocations
  6960 | D:7      | Reached skill level 2 in Evocations
  7093 | D:7      | Reached skill level 4 in Stealth
  7093 | D:7      | Reached * piety under Vehumet
  7093 | D:7      | Offered knowledge of Freeze by Vehumet.
  7097 | D:7      | Reached skill level 3 in Shields
  7097 | D:7      | Reached XP level 9. HP: 19/45 MP: 11/15
  7108 | D:7      | Reached skill level 3 in Evocations
  7495 | D:7      | Noticed Maggie
  7667 | D:7      | Reached skill level 5 in Stealth
  8079 | D:4      | Reached skill level 4 in Evocations
  8304 | D:4      | Found a staircase to the Ecumenical Temple.
  8331 | D:4      | Reached skill level 4 in Shields
  8886 | D:6      | Reached skill level 1 in Fighting
  8886 | D:6      | Reached skill level 3 in Dodging
  9192 | D:6      | Reached skill level 2 in Fighting
  9192 | D:6      | Reached skill level 4 in Dodging
  9277 | D:6      | Found a shimmering altar of Xom.
  9573 | D:6      | Killed Duvessa
  9592 | D:6      | Killed Dowan
  9593 | D:6      | Reached skill level 5 in Dodging
  9757 | D:6      | Found a shimmering altar of Xom.
 10063 | D:6      | Found a snail-covered altar of Cheibriados.
 10442 | D:7      | Killed Maggie
 10443 | D:7      | Reached skill level 4 in Spellcasting
 10595 | D:7      | Found Qiff's Assorted Antiques.
 10602 | D:7      | Bought a slimy buckler for 218 gold pieces
 10602 | D:7      | Identified the +2 buckler "Faoduiw" {*Slow Will+ Int+2}
                  | (You bought it in a shop on level 7 of the Dungeon)
 10800 | D:7      | Paralysed by a hornet for 2 turns
 10802 | D:7      | Reached skill level 3 in Fighting
 10802 | D:7      | Reached skill level 5 in Air Magic
 11029 | D:8      | Identified 2 potions of experience
 11047 | D:8      | Reached XP level 10. HP: 32/56 MP: 18/18
 11128 | D:7      | Reached skill level 13 in Conjurations
 11128 | D:7      | Reached XP level 11. HP: 60/60 MP: 19/19
 11129 | D:7      | Reached skill level 9 in Dodging
 11129 | D:7      | Reached skill level 9 in Stealth
 11129 | D:7      | Reached XP level 12. HP: 64/64 MP: 20/20
 11136 | D:7      | Learned a level 5 spell: Fireball
 11499 | D:8      | Reached skill level 1 in Fire Magic
 11715 | D:8      | Offered knowledge of Magic Dart by Vehumet.
 11727 | D:8      | Reached ** piety under Vehumet
 12025 | D:8      | Found a white marble altar of Elyvilon.
 12137 | D:8      | Found a hide-covered altar of Uskayaw.
 12459 | D:8      | Reached skill level 2 in Fire Magic
 12462 | D:8      | Reached skill level 5 in Spellcasting
 12606 | D:9      | Found Kewitt's Armour Shop.
 12630 | D:9      | Bought a +0 pair of gloves for 54 gold pieces
 13015 | D:9      | Reached skill level 3 in Fire Magic
 13156 | D:9      | Found Fuutuiri's Mass Market.
 13293 | D:9      | Found Miabyr's Antique Weapon Shoppe.
 13406 | D:9      | Found Losush's Jewellery Shoppe.
 13426 | D:9      | Found Woichig's Antique Weapon Boutique.
 13462 | D:9      | Found Tisoim's General Store.
 13469 | D:9      | Bought a potion of lignification for 45 gold pieces
 13576 | D:9      | Noticed Psyche
 13583 | D:9      | Killed Psyche
 13759 | D:10     | Entered Level 10 of the Dungeon
 13881 | D:10     | Identified the +1 leather armour of Beogh's Benevolence
                  | {rF+ Int-3 Slay+3}
 13914 | D:10     | Reached skill level 4 in Fire Magic
 13919 | D:10     | Reached skill level 10 in Hexes
 14103 | D:10     | Paralysed by a hornet for 2 turns
 14895 | D:10     | Found a staircase to the Orcish Mines.
 15001 | D:11     | Found a gate leading to a gauntlet.
 15032 | Gauntlet | Entered a Gauntlet
 15032 | Gauntlet | Found a transporter.
 15033 | Gauntlet | Noticed a death scarab
 15035 | Gauntlet | Found a transporter.
 15037 | Gauntlet | Found a transporter.
 15053 | Gauntlet | Found a transporter.
 15055 | Gauntlet | Found a transporter.
 15062 | Gauntlet | Found a transporter.
 15077 | Gauntlet | Found a transporter.
 15091 | Gauntlet | Noticed a green death
 15092 | Gauntlet | Found a transporter.
 15101 | Gauntlet | Found a transporter.
 15101 | Gauntlet | Found a transporter.
 15104 | Gauntlet | Found a runed translucent door.
 15111 | Gauntlet | Found a transporter.
 15113 | Gauntlet | Found a transporter.
 15145 | Gauntlet | Found a transporter.
 15147 | Gauntlet | Noticed a hell hog
 15159 | Gauntlet | Found a transporter.
 15197 | Gauntlet | Mangled by a death scarab

Vanquished Creatures
  Psyche (D:9)
  3 trolls
  2 hornets
  9 yaks
  A vampire (D:10)
  A wyvern (D:8)
  2 wraiths
  A human (D:7)
  2 dancing weapons
  4 hogs (D:7)
  A steam dragon (D:8)
  A water moccasin (D:6)
  Duvessa (D:6)
  A sky beast (D:8)
  2 black bears (D:5)
  2 ice beasts (D:6)
  3 orc warriors
  An ogre (D:5)
  2 phantoms
  A kobold brigand (D:9)
  A gnoll sergeant (D:8)
  5 bullfrogs
  3 scorpions
  A wight (D:7)
  Dowan (D:6)
  11 killer bees
  4 howler monkeys
  4 hounds
  3 orc priests
  5 jellies
  3 sleepcaps
  2 iguanas
  8 orc wizards
  7 gnolls
  12 adders
  5 river rats
  A shadow imp (D:8)
  A white imp (D:7)
  2 ufetubi (D:5)
  3 worms
  2 dart slugs
  21 orcs
  5 endoplasms
  4 giant cockroaches
  7 hobgoblins
  15 jackals
  7 quokkas
  10 ball pythons
  9 bats
  4 frilled lizards
  6 goblins
  5 kobolds
  8 rats
226 creatures vanquished.

Vanquished Creatures (collateral kills)
  Maggie (D:7)
  An orc warrior (D:10)
  2 wights (D:7)
  An orc wizard (D:8)
  A kobold (D:9)
6 creatures vanquished.

Vanquished Creatures (others)
  5 dancing weapons
  A gnoll (D:8)
  20 fulminant prisms
  A fungus (Gauntlet)
  12 plants
39 creatures vanquished.

Grand Total: 271 creatures vanquished

Table legend: (Time is in decaauts)
 A = Elapsed time spent in this place.
 B = Non-inter-level travel time spent in this place.
 C = Inter-level travel time spent in this place.
 D = Time resting spent in this place.
 E = Time spent auto-exploring this place.
 F = Levels seen in this place.
 G = Mean time per level.
                   A        B        C        D        E       F      G
               +--------+--------+--------+--------+--------+-----+--------+
         Total |  15416 |  14531 |    885 |   1347 |  10772 |  13 | 1185.8 |
       Dungeon |  14106 |  13221 |    885 |   1347 |   9785 |  11 | 1282.4 |
         Sewer |   1144 |   1144 |      0 |      0 |    986 |   1 | 1144.0 |
      Gauntlet |    166 |    166 |      0 |      0 |      0 |   1 |  166.0 |
               +--------+--------+--------+--------+--------+-----+--------+

Top non-repeatable levels by time:
     D:7: 2396 daAuts
     D:6: 1889 daAuts
     D:5: 1828 daAuts
     D:8: 1491 daAuts
     D:9: 1445 daAuts
     D:4: 1295 daAuts
   Sewer: 1144 daAuts
     D:3: 997 daAuts
    D:10: 946 daAuts
     D:2: 892 daAuts
     D:1: 884 daAuts
Gauntlet: 166 daAuts
    D:11: 38 daAuts

Table legend:
 A = Non-vault XP
 B = Vault XP
 C = Vault XP percentage of total XP
 D = Non-vault monster count
 E = Vault monster count
 F = Vault count percentage of total count
                 A         B        C        D         E       F
            +---------+---------+-------+---------+---------+-------
      Total |    9396 |    2185 |  18.9 |     185 |      45 |  19.6
            +---------+---------+-------+---------+---------+-------
        D:1 |      31 |       0 |   0.0 |      18 |       0 |   0.0
        D:2 |      30 |       6 |  16.7 |      13 |       3 |  18.8
        D:3 |      56 |       0 |   0.0 |      20 |       0 |   0.0
        D:4 |     303 |      29 |   8.7 |      19 |       5 |  20.8
        D:5 |     740 |       0 |   0.0 |      14 |       0 |   0.0
        D:6 |     821 |     223 |  21.4 |      13 |       3 |  18.8
        D:7 |    1716 |    1381 |  44.6 |      27 |       6 |  18.2
        D:8 |    1631 |       0 |   0.0 |      26 |       0 |   0.0
        D:9 |    1174 |     383 |  24.6 |      15 |       1 |   6.2
       D:10 |    2894 |       0 |   0.0 |      20 |       0 |   0.0
      Sewer |       0 |     163 | 100.0 |       0 |      27 | 100.0
            +---------+---------+-------+---------+---------+-------
